 Dungeon Crawl Stone Soup version 0.25-a0-927-g39f137c8b7 (webtiles) character file.

Game seed: 3834199287158806650, levelgen mode: deterministic

176 Maedhros the Insei (level 5, -1/33 HPs)
             Began as an Octopode Artificer on May 3, 2020.
             Was a Believer of Cheibriados.
             Killed from afar by a steam dragon (17 damage)
             ... with a ball of steam
             ... on level 4 of the Dungeon.
             The game lasted 00:03:13 (1641 turns).

Maedhros the Insei (Octopode Artificer)             Turns: 1641, Time: 00:03:14

Health: -1/33      AC:  1    Str: 16    XL:     5   Next: 56%
Magic:  0/7        EV: 13    Int: 13    God:    Cheibriados [**....]
Gold:   215        SH:  0    Dex: 15    Spells: 4/4 levels left

rFire    . . .     SeeInvis .   a - +0 short sword
rCold    . . .     Gourm    .   (no shield)
rNeg     . . .     Faith    .   (helmet restricted)
rPois    .         Spirit   +   l - amulet of guardian spirit
rElec    .         Reflect  .   (no ring)
rCorr    .         Harm     .   (no ring)
MR       .....                  (no ring)
Stlth    ++++......             (no ring)
HPRegen  0.11/turn              (no ring)
MPRegen  0.10/turn              (no ring)
                                (no ring)
                                (no ring)

@: very slow
A: almost no armour, stealthy swim, amphibious, 8 rings, constrict 8, camouflage
1, clumsy 1, deterioration 1, dopey 2, gelatinous body 1
a: Bend Time, Renounce Religion


You were on level 4 of the Dungeon.
You worshipped Cheibriados.
Cheibriados was pleased with you.
You were not hungry.

You visited 1 branch of the dungeon, and saw 4 of its levels.

You collected 215 gold pieces.

Inventory:

Hand Weapons
 a - a +0 short sword (weapon)
 p - a +0 hunting sling
Missiles
 i - 135 stones (quivered)
Jewellery
 l - an amulet of guardian spirit (around mantle)
Wands
 b - a wand of flame (9)
 c - a wand of enslavement (13)
 d - a wand of random effects (15)
 s - a wand of clouds (5)
Scrolls
 g - a scroll of fear {unknown}
 h - a scroll of immolation {unknown}
 j - 2 scrolls of teleportation {unknown}
 m - 2 scrolls of random uselessness {unknown}
 n - a scroll of remove curse {unknown}
 r - a scroll of identify
Potions
 e - a potion of mutation {unknown}
 k - a potion of might
 q - a potion of flight {unknown}
Comestibles
 f - 4 rations
 o - 3 chunks of flesh


   Skills:
 - Level 1.0 Fighting
 - Level 1.0 Short Blades
 - Level 2.0 Dodging
 - Level 4.0 Stealth
 + Level 4.3 Unarmed Combat
 - Level 3.2 Evocations


You had 4 spell levels left.
You didn't know any spells.
Your spell library was empty.

Dungeon Overview and Level Annotations

Branches:
Dungeon (4/15)
 Temple: D:4-7

Altars:
Cheibriados
Hepliaklqana
Ru
Wu Jian
Xom
Zin


Innate Abilities, Weirdness & Mutations

You cannot wear most types of armour.
You are very stealthy in the water. (Stealth+)
You are amphibious.
You can wear up to eight rings at the same time.
You can use your tentacles to constrict eight enemies at once.
Your skin changes colour to match your surroundings (Stealth+).
Your rubbery body absorbs attacks. (AC +1, EV +1)
You are clumsy. (Dex -2)
Your body sometimes deteriorates upon taking damage.
You are very dopey. (Int -4)


Message History

The puff of flame misses the steam dragon.
The steam dragon barely misses you.
The steam dragon claws you but does no damage.
Evoke which item? (* to show all) (? for menu, Esc to quit)
Aiming: Throw Flame
Press: ? - help, Shift-Dir - straight line, f/p - steam dragon
Aim: a steam dragon (severely wounded, very poisoned, catching its breath)
The puff of flame hits the steam dragon.
The steam dragon is almost dead.
The steam dragon closely misses you. The steam dragon claws you.
Evoke which item? (* to show all) (? for menu, Esc to quit)
Aiming: Throw Flame
Press: ? - help, Shift-Dir - straight line, f/p - steam dragon
Aim: a steam dragon (almost dead, very poisoned, catching its breath)
The puff of flame hits the steam dragon.
The steam dragon is almost dead.
The steam dragon breathes steam at you. The ball of steam hits you!!
Ouch! That really hurt!
You die...

#............##.
#...
#............#
#...
#............#
#...
#............#
#.#.
#....§°§§###.#
.. .
#.....§§§..#.#
#.....§☼☼#.#..
#.....D§.#.# ##
#....@...#.#
#........#.###
#########....#
###..#.###
##........#
#.........#
#.........#
#.........#
....########


You could see a steam dragon.

Vanquished Creatures
  A jelly (D:3)
  Robin (D:3)
  5 adders
  4 worms
  4 dart slugs
  A leopard gecko (D:1)
  4 orcs (D:3)
  3 giant cockroaches
  6 hobgoblins
  6 jackals
  6 kobolds
  A quokka (D:3)
  6 bats
  A frilled lizard (D:1)
  10 goblins
  7 rats
66 creatures vanquished.

Vanquished Creatures (others)
  An ogre (D:4)
1 creature vanquished.

Grand Total: 67 creatures vanquished

Notes
Turn   | Place    | Note
-------+----------+-------------------------------------------
     0 | D:1      | Maedhros the Octopode Artificer began the quest for the
                  | Orb.
     0 | D:1      | Reached XP level 1. HP: 13/13 MP: 3/3
    83 | D:1      | Reached XP level 2. HP: 8/18 MP: 4/4
   519 | D:2      | Found a shimmering altar of Xom.
   521 | D:2      | Found a hazy altar of Hepliaklqana.
   524 | D:2      | Found a snail-covered altar of Cheibriados.
   526 | D:2      | Reached XP level 3. HP: 22/23 MP: 5/5
   529 | D:2      | Became a worshipper of Xom of Chaos
   535 | D:2      | Fell from the grace of Xom
   535 | D:2      | Became a worshipper of Cheibriados the Contemplative
   561 | D:1      | Reached skill level 1 in Unarmed Combat
   785 | D:1      | Reached * piety under Cheibriados
   803 | D:1      | XOM: stat loss: -3 Str (10/13)
   821 | D:2      | Reached XP level 4. HP: 24/28 MP: 6/6
  1087 | D:2      | XOM: give mutation
  1087 | D:2      | Gained mutation: Your body sometimes deteriorates upon
                  | taking damage. [Xom's mischief]
  1112 | D:2      | Found an ornate altar of the Wu Jian Council.
  1112 | D:2      | Found a sacrificial altar of Ru.
  1179 | D:3      | Reached XP level 5. HP: 31/33 MP: 7/7
  1183 | D:3      | XOM: give mutations
  1183 | D:3      | Gained mutation: You are dopey. (Int -2) [Xom's mischief]
  1183 | D:3      | Gained mutation: You are clumsy. (Dex -2) [Xom's mischief]
  1183 | D:3      | Lost mutation: You are clumsy. (Dex -2) [Xom's mischief]
  1212 | D:3      | Found a glowing silver altar of Zin.
  1380 | D:3      | XOM: give mutations
  1380 | D:3      | Gained mutation: You are very dopey. (Int -4) [Xom's
                  | mischief]
  1380 | D:3      | Gained mutation: Scrolls take you a little longer to read.
                  | [Xom's mischief]
  1380 | D:3      | Lost mutation: Scrolls take you a little longer to read.
                  | [Xom's mischief]
  1380 | D:3      | Gained mutation: You are clumsy. (Dex -2) [Xom's mischief]
  1533 | D:3      | Noticed Robin
  1535 | D:3      | Reached ** piety under Cheibriados
  1543 | D:3      | Killed Robin
  1580 | D:4      | Noticed a steam dragon
  1580 | D:4      | a hound changed into a steam dragon
  1580 | D:4      | XOM: polymorph hound -> steam dragon
  1607 | D:4      | Noticed an ogre
  1641 | D:4      | Killed from afar by a steam dragon

Levels and vault maps discovered:
D:1:      doesnt_arrival_eight_statues, layout_loops_cross, minivault_24
D:2:      layout_basic, grunt_temple_overflow_open,
          nemelex_xobeh_ov_fountains_minmay, gammafunk_temple_overflow_elements
D:3:      layout_loops_cross, lemuel_doored_altar, first_ration, uniq_robin
D:4:      layout_basic, led_sif_book, fedhas_bush_and_centaur_altar,
          minmay_temple_entry_antechambers, uniq_edmund

Skill      XL: |  1  2  3  4  5 |
---------------+----------------+-----
Stealth        | 2 4 |  4.0
Unarmed Combat | 2 3 4 |  4.3
Fighting       | |  1.0
Short Blades   | |  1.0
Dodging        | |  2.0
Evocations     | |  3.2

Action                   |  1- 3 |  4- 6 || total
-------------------------+-------+-------++-------
Melee: Short sword       |    51 |    72 ||   123
       Constrict         |    18 |    20 ||    38
       Tentacles         |    10 |    11 ||    21
       Punch             |     1 |     2 ||     3
Evoke: Wand              |       |     9 ||     9
  Use: Scroll            |       |     3 ||     3
 Stab: Sleeping          |    13 |     9 ||    22
  Eat: Chunk             |       |     1 ||     1
Armor: Skin              |     4 |     7 ||    11
Dodge: Dodged            |    34 |    52 ||    86

Table legend:
 A = Non-vault XP
 B = Vault XP
 C = Vault XP percentage of total XP
 D = Non-vault monster count
 E = Vault monster count
 F = Vault count percentage of total count
                 A         B        C        D         E       F
            +---------+---------+-------+---------+---------+-------
      Total |     225 |      27 |  10.7 |      58 |       8 |  12.1
            +---------+---------+-------+---------+---------+-------
        D:1 |      54 |       0 |   0.0 |      29 |       0 |   0.0
        D:2 |      69 |       0 |   0.0 |      13 |       0 |   0.0
        D:3 |     102 |      27 |  20.9 |      16 |       8 |  33.3
            +---------+---------+-------+---------+---------+-------
